 Dungeon Crawl Stone Soup version 0.30-a0-359-gd0147acb1a (webtiles) character file.

Game seed: 9719963491376226877

5588 Conn the Thaumaturge (level 10, -3/53 HPs)
             Began as a Deep Elf Conjurer on Nov 12, 2022.
             Was a Follower of Sif Muna.
             Slain by Snorg (12 damage)
             ... on level 10 of the Dungeon.
             The game lasted 00:43:26 (11670 turns).

Conn the Thaumaturge (Deep Elf Conjurer)           Turns: 11670, Time: 00:43:27

Health: -3/53      AC:  9    Str: 11    XL:     10   Next: 45%
Magic:  0/35       EV: 13    Int: 31    God:    Sif Muna [*.....]
Gold:   782        SH:  4    Dex: 13    Spells: 9/30 levels left

rFire   . . .      SeeInvis .    E - +2 war axe of the Middle {pain, Will+ Str+7}
rCold   . . .      Faith    .    c - +0 buckler
rNeg    . . .      Spirit   +    g - +0 robe {Archmagi}
rPois   +          Reflect  .    y - +2 helmet {Int+3}
rElec   .          Harm     .    Q - +2 cloak
rCorr   .          Rampage  .    B - +0 pair of gloves
Will    ++...      Archmagi +    (no boots)
Stlth   +++.......               e - amulet of guardian spirit
HPRegen 0.28/turn                A - ring of poison resistance
MPRegen 0.24/turn                t - ring of magical power

@: studying Maces & Flails
A: no striking features
a: Renounce Religion, Channel Magic


You were on level 10 of the Dungeon.
You worshipped Sif Muna.
Sif Muna was aware of your devotion.
You visited 2 branches of the dungeon, and saw 11 of its levels.
You also visited: Sewer.

You collected 782 gold pieces.

Inventory:

Hand Weapons
 f - a +1 dagger of draining
 s - a +3 vampiric spear
 u - a +4 halberd of pain
 E - the +2 war axe of the Middle (weapon) {pain, Will+ Str+7}
   (You found it on level 6 of the Dungeon)

   In the hands of one skilled in necromantic magic, it inflicts extra damage on
   living creatures.
   Str:       It affects your strength (+7).
   Will:      It increases your willpower.
Missiles
 q - 2 throwing nets
Armour
 a - a +0 robe
 c - a +0 buckler (worn)
 g - a +0 robe of the Archmagi (worn)
 n - the +1 leather armour of the Hart {+Inv Stlth+}
   (You found it on level 2 of the Dungeon)

   +Inv:      It lets you turn invisible.
   Stlth:     It makes you more stealthy.
 y - a +2 helmet of intelligence (worn)
 B - a +0 pair of gloves (worn)
 N - a +2 leather armour of cold resistance
 Q - a +2 cloak (worn)
Magical Staves
 z - a staff of earth
Jewellery
 e - an amulet of guardian spirit (around neck)
 m - a ring of protection from fire
 t - a ring of magical power (right hand)
 A - a ring of poison resistance (left hand)
Wands
 j - a wand of roots (20)
 p - a wand of mindburst (8)
 H - a wand of charming (8)
 O - a wand of polymorph (8)
Scrolls
 d - 5 scrolls of teleportation
 h - 3 scrolls of blinking
 l - a scroll of silence
 o - a scroll of enchant weapon
 D - a scroll of immolation
 L - a scroll of magic mapping
 M - a scroll of identify
 P - a scroll of poison
 R - a scroll of summoning {unknown}
Potions
 b - 2 potions of magic
 i - a potion of invisibility
 r - 2 potions of haste
 v - 7 potions of heal wounds
 w - 2 potions of lignification
 x - 2 potions of cancellation {unknown}
 C - 5 potions of curing
 F - 2 potions of flight {unknown}
 G - 2 potions of degeneration {unknown}
 I - 3 potions of attraction {unknown}
 J - 2 potions of might {unknown}
 K - 2 potions of brilliance


   Skills:
 + Level 2.0 Fighting
 + Level 2.1(2.2) Axes
 + Level 0.5(1.3) Polearms
 * Level 4.3 Armour
 + Level 5.8 Dodging
 + Level 4.7 Stealth
 * Level 3.0 Shields
 + Level 10.7 Spellcasting
 + Level 10.3 Conjurations
 + Level 0.3 Hexes
 * Level 1.9 Necromancy
 + Level 3.0 Translocations
 + Level 0.3 Air Magic
 + Level 1.7 Poison Magic
 + Level 0.6 Evocations


You had 9 spell levels left.
You knew the following spells:

 Your Spells              Type           Power      Damage    Failure   Level
a - Magic Dart            Conj           100%       1d8       1%          1
b - Searing Ray           Conj           100%       2d8       1%          2
c - Dazzling Flash        Conj/Hex       100%       N/A       1%          3
d - Iskenderun's Mystic   Conj/Tloc      72%        2d15      2%          4
e - Fulminant Prism       Conj/Hex       33%        3d16      4%          4
f - Mephitic Cloud        Conj/Pois/Air  59%        N/A       2%          3
g - Dispel Undead         Necr           42%        3d17      19%         4

Your spell library contained the following spells:

 Spells                   Type           Power      Damage    Failure   Level
 Kiss of Death            Conj/Necr      100%       2d13      1%          1
 Cigotuvi's Dreadful Rot  Necr/Pois/Air  74%        N/A       3%          2
 Poisonous Vapours        Pois/Air       68%        N/A       4%          2
 Confusing Touch          Hex            28%        N/A       11%         3
 Borgnjor's Revivificati  Necr           21%        N/A       100%        8
 Necromutation            Tmut/Necr      16%        N/A       100%        8
 Death's Door             Necr           21%        N/A       100%        9


Dungeon Overview and Level Annotations

Branches:
Dungeon (10/15)            Temple (1/1) D:4            Lair (0/5) D:9
    Orc (0/2) D:9           Sewer (visited)

Altars:
Ashenzari
Cheibriados
Dithmenos
Elyvilon
Fedhas
Gozag
Hepliaklqana
Kikubaaqudgha
Makhleb
Nemelex Xobeh
Okawaru
Ru
Sif Muna
Trog
Uskayaw
Vehumet
Wu Jian
Xom
Yredelemnul
Zin
The Shining One

Shops:
D:2 *

Annotations:
D:9 1 runed translucent door, Jannitor's ghost, journeyman MeBe
D:10 Snorg


Message History

Aim: Snorg (moderately wounded, 83% to hit)
You feel a surge of power!
The searing ray misses Snorg. (Press . to maintain the ray.)
The searing ray hits Snorg!
Snorg is moderately wounded.
Snorg goes berserk!
The searing ray misses Snorg.
The searing ray hits the yak.
The yak is lightly wounded.
The searing ray hits Snorg!
Snorg is heavily wounded.
The searing ray hits the yak!
The yak is heavily wounded.
You finish channelling your searing ray.
Snorg barely misses you.
Snorg claws you. x2; You block Snorg's attack.
Snorg closely misses you. Snorg claws you!
Casting: Searing Ray (safe; 1% risk of failure)
Confirm with . or Enter, or press ? or * to list all spells.
You feel a surge of power!
You erupt in a blast of force!
The mystic blast hits the yak.
The yak is heavily wounded.
The mystic blast hits Snorg!
Snorg is heavily wounded.
Snorg is knocked back by the mystic blast.
Snorg collides with the yak!
The yak is heavily wounded.
Snorg is heavily wounded.
You hear a shout!
Snorg barely misses you. Snorg misses you. Snorg closely misses you.
Unknown command.
Casting: Iskenderun's Mystic Blast (dangerous; 2% risk of failure)
Confirm with . or Enter, or press ? or * to list all spells.
Okay, then.
Unknown command.
Okay, then.
Okay, then.
As you read the scroll of fear, it crumbles to dust.
You assume a fearsome visage.
Snorg is unaffected.
The yak looks frightened! x2
Snorg bites you!! Snorg claws you!
* * * LOW HITPOINT WARNING * * *
Snorg claws you!
You die...

#§†..†. #[).... ###......
##........ #..#...... .
#####.........
...########..##.8..#....
........Y.........###...
.......@T..Y...8..#.#.##
......########....'_#.#
..... #........8..#.# #
.... +...........### ...
..#.........8..# ..
..#........#.....#
#####.#........#..####
#...#...#.#........#..###
#...#...#.#........#....>


You could see Snorg (berserk) and 2 yaks.

Vanquished Creatures
  Joseph (D:9)
  Prince Ribbit (D:7)
  2 wraiths (D:9)
  2 yaks (D:10)
  A steam dragon (D:10)
  Duvessa (D:7)
  An ice beast (D:6)
  2 water moccasins
  2 hornet zombies (D:8)
  2 orc warriors (D:9)
  4 centaurs
  2 ogres
  A black bear (D:5)
  The ghost of tailblues the Insei, an amateur DgTm (D:3)
  2 kobold brigands
  2 scorpions
  A wyvern zombie (D:8)
  A bullfrog (D:8)
  4 gnoll sergeants
  8 wights
  Dowan (D:7)
  10 killer bees
  6 howler monkeys
  3 centaur zombies (D:8)
  4 jellies
  2 orc priests (D:9)
  3 hounds
  2 iguanas
  A gnoll bouda (D:7)
  3 orc wizards
  A hell rat (Sewer)
  A howler monkey zombie (D:8)
  10 adders
  34 gnolls
  A river rat (Sewer)
  A shadow imp (D:6)
  2 ufetubi
  A worm (D:5)
  6 dart slugs
  60 orcs
  7 bats
  2 endoplasms
  7 giant cockroaches
  13 goblins
  8 hobgoblins
  8 jackals
  11 kobolds
  7 quokkas
  15 ball pythons
  2 frilled lizards
  10 rats
283 creatures vanquished.

Vanquished Creatures (others)
  A centaur zombie (D:8)
  A kobold (D:10)
  5 fulminant prisms
7 creatures vanquished.

Grand Total: 290 creatures vanquished

Notes
Turn   | Place    | Note
-------+----------+-------------------------------------------
     0 | D:1      | Conn the Deep Elf Conjurer began the quest for the Orb.
     0 | D:1      | Reached XP level 1. HP: 10/10 MP: 6/6
   133 | D:1      | Reached XP level 2. HP: 15/15 MP: 2/8
   355 | D:1      | Reached skill level 5 in Conjurations
   897 | D:1      | Reached XP level 3. HP: 19/19 MP: 7/9
   927 | D:2      | Found Etay's Assorted Antiques.
  1657 | D:2      | Identified the +1 leather armour of the Hart {+Inv Stlth+}
  1664 | D:2      | Learned a level 2 spell: Searing Ray
  1668 | D:2      | Learned a level 3 spell: Dazzling Flash
  1701 | D:2      | Reached XP level 4. HP: 24/24 MP: 11/11
  1781 | D:3      | Noticed tailblues's ghost (amateur DgTm)
  1808 | D:3      | Found a transporter.
  1831 | D:3      | Learned a level 4 spell: Iskenderun's Mystic Blast
  1942 | D:3      | Found a transporter.
  1949 | D:3      | Killed tailblues's ghost
  1950 | D:3      | Reached XP level 5. HP: 21/28 MP: 1/13
  2651 | D:3      | Reached skill level 5 in Spellcasting
  2809 | D:3      | Found a faded altar of an unknown god.
  2895 | D:3      | Reached XP level 6. HP: 33/33 MP: 15/15
  3173 | D:3      | Found a burning altar of Makhleb.
  3173 | D:3      | Noticed a cacodemon
  3272 | D:4      | Reached skill level 1 in Armour
  3483 | D:4      | Found a staircase to the Ecumenical Temple.
  3495 | Temple   | Entered the Ecumenical Temple
  4181 | D:5      | Entered Level 5 of the Dungeon
  4221 | D:5      | Reached skill level 1 in Fighting
  4550 | D:5      | Reached XP level 7. HP: 38/38 MP: 18/18
  4810 | D:5      | Found a blossoming altar of Fedhas.
  4810 | D:5      | Found a shimmering altar of Xom.
  5234 | D:6      | Identified the +2 war axe of the Middle {pain, Will+ Str+7}
  5550 | D:6      | Reached XP level 8. HP: 32/43 MP: 15/21
  5553 | D:6      | Found a glowing drain.
  5569 | Sewer    | Entered a sewer
  6040 | D:7      | Noticed Duvessa
  6049 | D:7      | Noticed Dowan
  6051 | D:7      | Noticed Prince Ribbit
  6058 | D:7      | Killed Duvessa
  6060 | D:7      | Killed Dowan
  6069 | D:7      | Killed Prince Ribbit
  6588 | D:7      | Reached skill level 1 in Axes
  6742 | D:7      | Learned a level 4 spell: Fulminant Prism
  6814 | D:6      | Reached XP level 9. HP: 39/48 MP: 5/24
  7087 | D:6      | Reached skill level 1 in Translocations
  7098 | D:6      | Reached skill level 1 in Shields
  7219 | D:6      | Learned a level 3 spell: Mephitic Cloud
  7440 | D:6      | Found a sacrificial altar of Ru.
  7440 | D:6      | Found a sparkling altar of Nemelex Xobeh.
  8428 | D:8      | Reached skill level 5 in Dodging
  8589 | D:8      | Found an ornate altar of the Wu Jian Council.
  9183 | D:8      | Reached skill level 10 in Spellcasting
  9185 | D:8      | Reached skill level 10 in Conjurations
  9321 | D:8      | Found a basalt altar of Yredelemnul.
  9958 | D:8      | Learned a level 4 spell: Dispel Undead
 10201 | D:9      | Reached XP level 10. HP: 53/53 MP: 24/26
 10563 | D:9      | Found a staircase to the Lair.
 10582 | D:9      | Found a shimmering blue altar of Sif Muna.
 10587 | D:9      | Became a worshipper of Sif Muna the Loreminder
 10742 | D:9      | Reached skill level 1 in Poison Magic
 10792 | D:9      | Reached * piety under Sif Muna
 11087 | D:9      | Found a staircase to the Orcish Mines.
 11257 | D:9      | Noticed Joseph
 11273 | D:9      | Killed Joseph
 11274 | D:9      | Reached skill level 1 in Necromancy
 11356 | D:9      | Found a runed translucent door.
 11356 | D:9      | Found a shimmering altar of Xom.
 11356 | D:9      | Noticed Jannitor's ghost (journeyman MeBe)
 11357 | D:9      | Noticed a +0 hand axe of chaos
 11507 | D:10     | Entered Level 10 of the Dungeon
 11626 | D:10     | Found a glowing silver altar of Zin.
 11647 | D:10     | Noticed Snorg
 11670 | D:10     | Slain by Snorg

Illustrated notes

Levels and vault maps discovered:
D:1:      lemuel_arrival_room, layout_loops_ring
D:2:      layout_loops_ring, serial_shops, shop
D:3:      minmay_bubble_buster, layout_basic, makhleb_altar_promises_db,
          gammafunk_ghost_gnarly_gnolls, ebering_ecumenical_altar_webs
D:4:      layout_cave_pools, minmay_temple_entry_sparse_star
D:5:      layout_gridville, nicolae_overflow_two_pavilions,
          minmay_misc_feat_ornament, chequers_serial_rivers_micro_a,
          nrook_mini_vaults
D:6:      layout_layer_cave, gammafunk_temple_overflow_elements,
          portal_sewer_entry_d
D:7:      layout_basic, uniq_duvessa, uniq_prince_ribbit1
D:8:      layout_layer_cave, nicolae_yredelemnul_corpse_copse,
          mainiacjoe_overflow_catwalk, grunt_ogre_cave
D:9:      layout_rooms, kennysheep_little_box, lair_entry_dummy,
          hiddenorc2_lemuel, lightli_bailey_entry_fortress, ebering_ghost_xom,
          uniq_joseph
D:10:     layout_irregular_city, zin_statuary, nicolae_qazlal_scattered_showers,
          uniq_snorg
Temple:   nicolae_temple_x_marks_the_god

Skill      XL: |  1  2  3  4  5  6  7  8  9 10 |
---------------+-------------------------------+-----
Conjurations   | 5 6 7 8 10 | 10.3
Dodging        | 3 4 5 |  5.8
Spellcasting   | 4 5 6 7 9 10 | 10.7
Armour         | 1 2 3 4 |  4.3
Stealth        | 3 4 |  4.7
Fighting       | 1 2 |  2.0
Axes           | 1 2 |  2.1
Translocations | 2 3 |  3.0
Shields        | 2 3 |  3.0
Poison Magic   | 1 |  1.7
Necromancy     | 1 |  1.9
Polearms       | |  0.5
Hexes          | |  0.3
Air Magic      | |  0.3
Evocations     | |  0.6

Action                   |  1- 3 |  4- 6 |  7- 9 | 10-12 || total
-------------------------+-------+-------+-------+-------++-------
Melee: Unarmed           |     1 |       |       |       ||     1
       Dagger            |    21 |     2 |       |       ||    23
       Halberd           |       |    68 |     4 |       ||    72
       Spear             |       |     3 |       |       ||     3
       War axe           |       |       |    57 |    62 ||   119
 Cast: Magic Dart        |    70 |   116 |   163 |    90 ||   439
       Searing Ray       |       |    11 |    44 |     8 ||    63
       Iskenderun's Myst |       |       |    12 |    11 ||    23
       Mephitic Cloud    |       |       |     8 |     9 ||    17
       Fulminant Prism   |       |       |       |     5 ||     5
Evoke: Wand              |       |     2 |     3 |       ||     5
  Use: Potion            |     2 |     3 |     2 |     1 ||     8
       Scroll            |       |     6 |     7 |     2 ||    15
 Stab: Sleeping          |     1 |     7 |       |       ||     8
       Confused          |       |       |       |     5 ||     5
Armor: Robe              |    17 |       |    29 |    16 ||    62
       Leather armour    |       |    44 |       |       ||    44
       Skin              |       |       |   161 |       ||   161
Dodge: Dodged            |    41 |    86 |    96 |    39 ||   262
Block: Buckler           |       |       |    29 |    15 ||    44

Table legend: (Time is in decaauts)
 A = Elapsed time spent in this place.
 B = Non-inter-level travel time spent in this place.
 C = Inter-level travel time spent in this place.
 D = Time resting spent in this place.
 E = Time spent auto-exploring this place.
 F = Levels seen in this place.
 G = Mean time per level.
                   A        B        C        D        E       F      G
               +--------+--------+--------+--------+--------+-----+--------+
         Total |  11807 |  11589 |    218 |    360 |   8079 |  12 |  983.9 |
       Dungeon |  11554 |  11336 |    218 |    357 |   7957 |  10 | 1155.4 |
        Temple |    103 |    103 |      0 |      0 |     90 |   1 |  103.0 |
         Sewer |    149 |    149 |      0 |      3 |     32 |   1 |  149.0 |
               +--------+--------+--------+--------+--------+-----+--------+

Top non-repeatable levels by time:
     D:8: 1903 daAuts
     D:9: 1617 daAuts
     D:6: 1538 daAuts
     D:3: 1489 daAuts
     D:7: 1199 daAuts
     D:5: 1043 daAuts
     D:1: 926 daAuts
     D:4: 837 daAuts
     D:2: 836 daAuts
    D:10: 162 daAuts
   Sewer: 149 daAuts
  Temple: 103 daAuts
